 Dungeon Crawl Stone Soup version 0.23-b1-49-g13d5857 (webtiles) character file.

Game seed: 2881963838775633810

2657 poirepourri the Cleaver (level 9, -1/112 HPs)
             Began as a Minotaur Fighter on Feb 3, 2019.
             Was a Believer of Okawaru.
             Slain by Harold
             ... wielding a +2 battleaxe of freezing
              (2 damage)
             ... on level 7 of the Dungeon.
             The game lasted 00:05:30 (5395 turns).

poirepourri the Cleaver (Minotaur Fighter)          Turns: 5395, Time: 00:05:31

Health: -1/112     AC: 24    Str: 19 (21) XL:     9   Next: 36%
Magic:  8/8        EV:  2    Int:  3 (5)  God:    Okawaru [**....]
Gold:   526        SH: 11    Dex: 19 (22) Spells: 8/8 levels left

rFire    . . .     SeeInvis .   a - +1 war axe
rCold    . . .     Gourm    .   c - +1 shield
rNeg     + + +     Faith    .   (armour currently unavailable)
rPois    +         Spirit   .   (helmet currently unavailable)
rElec    .         Reflect  .   (cloak currently unavailable)
rCorr    .         Harm     .   (gloves currently unavailable)
MR       .....     NoTele   +   (boots currently unavailable)
Stlth    +++.......             (no amulet)
HPRegen  0.28/turn              i - +5 ring of slaying
MPRegen  0.11/turn              o - +4 ring of dexterity

@: agile, lethally poisoned (-1 -> -2), tree-form, marked
A: (retaliatory headbutt)
a: Heroism, Renounce Religion


You were on level 7 of the Dungeon.
You worshipped Okawaru.
Okawaru was pleased with you.
You were not hungry.
You were a tree.
You visited 2 branches of the dungeon, and saw 8 of its levels.

You collected 526 gold pieces.

Inventory:

Hand Weapons
 a - a +1 war axe (weapon)
Missiles
 f - 37 bolts
Armour
 b - a +0 scale mail (melded)
 c - a +1 shield (worn)
 d - a +0 cloak of magic resistance (melded)
 k - a +0 pair of gloves (melded)
Jewellery
 e - an uncursed ring of flight
 h - an uncursed ring of protection from fire
 i - a +5 ring of slaying (left branch)
 m - an uncursed ring of protection from cold
 o - a +4 ring of dexterity (right branch)
 q - an uncursed ring of fire
 v - an uncursed amulet of regeneration {unknown}
 z - a +5 ring of protection {unknown}
Scrolls
 g - 5 scrolls of remove curse
 n - 8 scrolls of teleportation
 r - 2 scrolls of fog
 w - a scroll of fear
Potions
 p - 3 potions of flight
 u - 2 potions of mutation
Comestibles
 j - 8 rations


   Skills:
 + Level 6.0 Fighting
 - Level 14.0 Axes
 - Level 3.6 Armour
 - Level 3.6 Shields


You had 8 spell levels left.
You didn't know any spells.
Your spell library contained the following spells:

 Spells                   Type           Power        Failure   Level  Hunger
 Confusing Touch          Hex            #.....       95%         1    ##.....
 Confuse                  Hex            #.......     100%        3    ####...
 Gell's Gravitas          Tloc           #.........   100%        3    ####...
 Petrify                  Tmut/Erth      #.......     100%        4    #####..
 Metabolic Englaciation   Hex/Ice        #.........   100%        5    ######.
 Yara's Violent Unravell  Hex/Tmut       #.........   100%        5    ######.


Dungeon Overview and Level Annotations

Branches:
Dungeon (7/15)             Temple (1/1) D:4

Altars:
Ashenzari
Cheibriados
Elyvilon
Fedhas
Gozag
Hepliaklqana
Kikubaaqudgha
Makhleb
Nemelex Xobeh
Okawaru
Qazlal
Sif Muna
Trog
Uskayaw
Xom
Yredelemnul
Zin
The Shining One

Shops:
D:5 (

Annotations:
D:7 Harold


Innate Abilities, Weirdness & Mutations

((You reflexively headbutt those who attack you in melee.))
((You have a pair of horns on your head.))


Message History

It was a potion of lignification.
You turn into a tree.
Your +0 cloak of magic resistance melds into your body.
Your +0 pair of gloves melds into your body.
Your +0 scale mail melds into your body.
You feel less resistant to hostile enchantments.
Your roots penetrate the ground.
Harold hits you but does no damage.
Unknown command.
It was a potion of degeneration.
There was something very wrong with that liquid.
You feel weakened.
You feel dopey.
You feel clumsy.
You feel sick. Harold hits you but does no damage.
You slash Harold!
Harold is severely wounded.
You hit Harold.
Harold is severely wounded.
You feel sick.
Harold hits you with a +2 battleaxe of freezing!
* * * LOW HITPOINT WARNING * * *
Harold freezes you.
You die...

......# #.....# #####
#.....+ #...# #.....#
#.... .##.....## +....
......... #.... #.....#
######..†.
##.....#########...##>.)#
........@♣......#...##...#
.........#......#.........
.........#......#.........
.##.....##......#.........
########.....##<.......#
#.....##.....##........#
##.......................
#........................
#.............##...##....


You could see Harold.

Vanquished Creatures
  A hippogriff (D:7)
  A black bear (D:7)
  4 sky beasts
  An orc warrior (D:6)
  A centaur (D:7)
  4 ogres
  A phantom (D:7)
  3 bullfrogs
  2 scorpions (D:7)
  A howler monkey (D:5)
  2 quasits
  2 bullfrog zombies (D:6)
  A hound (D:5)
  2 jellies (D:5)
  4 orc priests
  A gnoll shaman (D:6)
  Crazy Yiuf (D:3)
  3 bullfrog skeletons
  3 orc wizards
  Jessica (D:2)
  Natasha (thrice) (D:2)
  2 centaur skeletons
  4 worker ants
  Robin (D:2)
  4 gnolls (D:6)
  6 adders
  2 shadow imps (D:5)
  3 oozes
  An adder skeleton (D:7)
  2 worms
  4 dart slugs
  A leopard gecko (D:4)
  19 orcs
  5 ball pythons
  11 bats
  7 giant cockroaches
  16 goblins
  15 hobgoblins
  14 jackals
  13 kobolds
  7 quokkas
  5 frilled lizards
  A leopard gecko skeleton (D:6)
  2 quokka skeletons
  9 rats
196 creatures vanquished.

Notes
Turn   | Place    | Note
-------+----------+-------------------------------------------
     0 | D:1      | poirepourri the Minotaur Fighter began the quest for the
                  | Orb.
     0 | D:1      | Reached XP level 1. HP: 19/19 MP: 0/0
    24 | D:1      | Reached skill level 3 in Axes
    52 | D:1      | Reached XP level 2. HP: 26/26 MP: 1/1
   244 | D:1      | Reached skill level 4 in Axes
   272 | D:1      | Reached XP level 3. HP: 31/31 MP: 2/2
   681 | D:2      | Noticed Robin
   692 | D:2      | Reached skill level 5 in Axes
   913 | D:2      | Killed Robin
   913 | D:2      | Reached XP level 4. HP: 30/39 MP: 3/3
   991 | D:2      | Noticed Natasha
  1000 | D:2      | Killed Natasha
  1052 | D:2      | Reached skill level 6 in Axes
  1058 | D:2      | Noticed Natasha
  1064 | D:2      | Killed Natasha
  1064 | D:2      | Reached XP level 5. HP: 37/45 MP: 4/4
  1146 | D:2      | Noticed Natasha
  1157 | D:2      | Killed Natasha
  1386 | D:2      | Reached skill level 7 in Axes
  1560 | D:2      | Found a hazy altar of Hepliaklqana.
  1561 | D:2      | Found a shimmering altar of Xom.
  1561 | D:2      | Noticed a yak
  1562 | D:2      | Noticed a spectral ugly thing
  1562 | D:2      | Noticed a yak
  1593 | D:2      | Noticed Jessica
  1595 | D:2      | Killed Jessica
  1787 | D:3      | Reached XP level 6. HP: 15/51 MP: 5/5
  1796 | D:3      | Reached skill level 8 in Axes
  2691 | D:3      | Found a runed translucent door.
  2692 | D:3      | Noticed Crazy Yiuf
  2736 | D:3      | Found a glowing silver altar of Zin.
  2905 | D:3      | Killed Crazy Yiuf
  2905 | D:3      | Reached skill level 9 in Axes
  3059 | D:4      | Reached XP level 7. HP: 51/57 MP: 6/6
  3357 | D:4      | Found a staircase to the Ecumenical Temple.
  3365 | Temple   | Entered the Ecumenical Temple
  3481 | Temple   | Became a worshipper of Warmaster Okawaru
  3560 | D:5      | Entered Level 5 of the Dungeon
  3615 | D:5      | Reached skill level 10 in Axes
  4037 | D:5      | Found Tigugul's Weapon Emporium.
  4050 | D:5      | Reached skill level 11 in Axes
  4166 | D:5      | Reached * piety under Okawaru
  4166 | D:5      | Reached XP level 8. HP: 64/64 MP: 7/7
  4590 | D:6      | Reached skill level 12 in Axes
  4822 | D:6      | Reached ** piety under Okawaru
  4822 | D:6      | Reached skill level 13 in Axes
  5004 | D:7      | Noticed a hippogriff
  5009 | D:7      | Killed a hippogriff
  5009 | D:7      | Reached XP level 9. HP: 70/70 MP: 8/8
  5095 | D:7      | Reached skill level 14 in Axes
  5181 | D:7      | Reached skill level 5 in Fighting
  5376 | D:7      | Noticed Harold
  5395 | D:7      | HP: 1/112 [Harold/+2 battleaxe of freezing (16)]
  5395 | D:7      | Slain by Harold

Skill      XL: |  1  2  3  4  5  6  7  8  9 |
---------------+----------------------------+-----
Axes           | 3 4 5 6 7 9 11 13 14 | 14.0
Fighting       | 6 |  6.0
Armour         | |  3.6
Shields        | |  3.6

Action                   |  1- 3 |  4- 6 |  7- 9 || total
-------------------------+-------+-------+-------++-------
Melee: War axe           |    80 |   163 |   174 ||   417
       Headbutt          |    12 |    26 |    41 ||    79
  Use: Scroll            |     3 |     7 |     7 ||    17
       Potion            |       |     4 |     4 ||     8
  Eat: Ration            |       |     2 |     3 ||     5
Armor: Scale mail        |    51 |    57 |    46 ||   154
       Skin              |       |       |     2 ||     2
Dodge: Dodged            |    27 |    41 |    32 ||   100
Block: Shield            |    51 |    78 |    66 ||   195
